 Dungeon Sprint DCSS version 0.20-a0-785-g17250f0 (webtiles) character file.

107 Gorglomux the Thaumaturge (level 4, 0/30 HPs)
             Began as a Mummy Summoner on Feb 27, 2017.
             Was a Believer of Sif Muna.
             Slain by an ufetubus (3 damage)
             ... in the Dungeon (Sprint V: "Ziggurat Sprint").
             The game lasted 00:01:46 (88 turns).

Gorglomux the Thaumaturge (Mummy Summoner)            Turns: 88, Time: 00:01:47

Health: 0/30       AC: 16    Str: 11    XL:     4   Next: 57%
Magic:  3/17       EV:  7    Int: 15    God:    Sif Muna [**....]
Gold:   0          SH:  6    Dex: 12    Spells: 24/25 levels left

rFire    + + .     SeeInvis .   M - +8 lance "Wyrmbane" {slay drac, rPois rF+ rC+ AC+3}
rCold    + . .     Gourm    .   H - +5 fire dragon scales
rNeg     + + +     Faith    .   F - +3 buckler
rPois    ∞         Spirit   .   (no helmet)
rElec    .         Reflect  .   (no cloak)
rCorr    .         Harm     .   (no gloves)
MR       .....     NoTele   +   (no boots)
Stlth    ..........             (no amulet)
Regen    0.1/turn               (no ring)
MPRegen  0.2/turn               (no ring)

@: very slightly contaminated
A: no food or potions, fire vulnerability, cold resistance 1, negative energy
resistance 3, torment resistance, unbreathing
a: Divine Energy, Renounce Religion


You were in the Dungeon.
You worshipped Sif Muna.
Sif Muna was pleased with you.
You were not hungry.

You visited 1 branch

Inventory:

Hand Weapons
 J - the +6 Majin-Bo {vamp, Archmagi MP+6 Int+6}
   (You found it in the Dungeon)

   It inflicts no extra harm, but heals its wielder when it wounds a living foe.
   It affects your intelligence (+6).
   It affects your magic capacity (+6).
 K - the +9 sword of Zonguldrok {reap}
   (You found it in the Dungeon)

   If a monster killed with it leaves a corpse in good enough shape, the corpse
   will be animated as a zombie friendly to the killer.
 M - the +8 lance "Wyrmbane" (weapon) {slay drac, rPois rF+ rC+ AC+3}
   (You found it in the Dungeon)

   It affects your AC (+3).
   It protects you from fire.
   It protects you from cold.
   It protects you from poison.
 N - the +7 great mace "Firestarter" {inner flame, rF++}
   (You found it in the Dungeon)

   It has been specially enchanted to burn those struck by it, causing extra
   injury to most foes and up to half again as much damage against particularly
   susceptible opponents.
   It greatly protects you from fire.
Armour
 a - a +0 robe
 F - a +3 buckler (worn)
 G - a +3 large shield
 H - +5 fire dragon scales (worn)
Magical Staves
 P - an uncursed staff of energy
Jewellery
 Q - a +6 ring of strength
 V - a +6 ring of dexterity
 W - a +6 ring of dexterity
 X - a +6 ring of intelligence
 Y - a +6 ring of intelligence
 Z - a +6 ring of strength
Wands
 A - a wand of acid (5/15)
 I - a wand of iceblast (5/15)
 L - a wand of lightning (5/15)
Scrolls
 B - 4 scrolls of blinking
 C - 3 scrolls of recharging
 D - 7 scrolls of fog
 E - a scroll of holy word
 R - 5 scrolls of identify
 S - 5 scrolls of remove curse
 T - 2 scrolls of fear
 U - 4 scrolls of amnesia
Books
 b - a book of Callings

   Spells                             Type                      Level
   a - Summon Small Mammal            Summoning                    1
   b - Call Imp                       Summoning                    2
   c - Call Canine Familiar           Summoning                    3
   d - Summon Guardian Golem          Hexes/Summoning              3
   e - Summon Lightning Spire         Summoning/Air                4
   f - Summon Ice Beast               Ice/Summoning                4
Miscellaneous
 O - a lightning rod (4/4)


   Skills:
 - Level 1.5 Dodging
 - Level 1.5 Stealth
 + Level 11.1 Spellcasting
 - Level 3.2 Summonings


You had 24 spell levels left.
You knew the following spells:

 Your Spells              Type           Power        Failure   Level  Hunger
a - Summon Small Mammal   Summ           ###.         34%         1    N/A

Dungeon Overview and Level Annotations

Branches:
Dungeon (1/1)

Altars:
Ashenzari
Cheibriados
Dithmenos
Elyvilon
Fedhas
Gozag
Hepliaklqana
Kikubaaqudgha
Makhleb
Nemelex Xobeh
Okawaru
Qazlal
Ru
Sif Muna
Trog
Uskayaw
Vehumet
Wu Jian
Xom
Yredelemnul
Zin
The Shining One
Beogh
Jiyva
Lugonu


Innate Abilities, Weirdness & Mutations

You do not eat or drink.
Your flesh is vulnerable to fire.
You are immune to poison.
Your flesh is cold resistant. (rC+)
You are immune to negative energy. (rN+++)
You are immune to unholy pain and torment.
You can survive without breathing.


Message History

The hell hound breathes flames at you. The blast of flame hits you!
The ufetubus barely misses you. x2
Attack whom?
Press: ? - help, Dir - move target cursor, f/p - hell hound
Aim: a hell hound (almost dead, catching its breath)
You hit the hell hound.
You kill the hell hound!
Sif Muna accepts your kill.
You can now request divine energy to cast spells with insufficient magic.
Sif Muna is protecting you from the effects of miscast magic.
Your Spellcasting skill gained 9 levels and is now at level 11!
You have reached level 2!
You have reached level 3!
Your experience leads to an increase in your attributes!
Increase (S)trength, (I)ntelligence, or (D)exterity?
You feel clever.
You have reached level 4!
The ufetubus hits you but does no damage.
The ufetubus hits you.
You die...

▓▓▓▓▓▓▓
▓.8©8.▓
▓.....▓
▓.=.}.▓
▓.....▓
▓.5†..▓
▓..@..▓
▓▓▓▓▓▓▓


You could see an ufetubus.

Vanquished Creatures
  A hell hound (D)
1 creature vanquished.

Notes
Turn   | Place    | Note
-------+----------+-------------------------------------------
     0 | D        | Gorglomux the Mummy Summoner began the quest for the Orb.
     0 | D        | Reached XP level 1. HP: 13/13 MP: 4/4
     0 | D        | Found a deep blue altar of Sif Muna.
     0 | D        | Found a sacrificial altar of Ru.
     0 | D        | Found a bloodstained altar of Trog.
     0 | D        | Found a stormy altar of Qazlal.
     0 | D        | Found an iron altar of Okawaru.
     0 | D        | Found a sparkling altar of Nemelex Xobeh.
     0 | D        | Found a blossoming altar of Fedhas.
     1 | D        | Found an ancient bone altar of Kikubaaqudgha.
     1 | D        | Found a viscous altar of Jiyva.
     1 | D        | Found a corrupted altar of Lugonu.
     1 | D        | Found a hazy altar of Hepliaklqana.
     1 | D        | Found a burning altar of Makhleb.
     1 | D        | Found an opulent altar of Gozag.
    64 | D        | Became a worshipper of Sif Muna the Loreminder
    82 | D        | Entered arena 1.
    82 | D        | Noticed a hell hound
    88 | D        | Killed a hell hound
    88 | D        | Reached * piety under Sif Muna
    88 | D        | Reached ** piety under Sif Muna
    88 | D        | Reached skill level 11 in Spellcasting
    88 | D        | Reached XP level 2. HP: 2/19 MP: 3/14
    88 | D        | Reached XP level 3. HP: 2/24 MP: 3/15
    88 | D        | Reached XP level 4. HP: 3/30 MP: 3/17
    88 | D        | Slain by an ufetubus

Vault maps used:
D:        sprint_v

Skill      XL: |  1 |
---------------+----+-----
Spellcasting   | 11 | 11.1
Dodging        | |  1.5
Stealth        | |  1.5
Summonings     | |  3.2

Action                   |  1- 3 |  4- 6 || total
-------------------------+-------+-------++-------
Melee: Lance             |     5 |       ||     5
Armor: Fire dragon scale |     9 |     1 ||    10
Dodge: Dodged            |     3 |       ||     3
Block: Buckler           |     3 |       ||     3
